cohdb
Replays
Latest Replays
All Replays
Popular Replays
Top Player Replays
Match Explorer
How It Works
Community
CoH3 Stats
Reddit
Sign in to upload your games and track your stats! →
Sign in with Steam
Match 40673077
Unlisted
Match 40673077
Overview
Messages
Build Orders
End
Kettenkrad Recon Vehicle
Pioneer Squad
Construct Infanterie Kompanie
MG 42 Machine Gun Team
MG 42 Machine Gun Team
GrW 34 Mortar Team
Grenadier Squad
Construct Panzergrenadier Kompanie
Grenadier Squad
Support Elements
Medical Station
Pak 40 Anti-tank Gun Team
StuG III G Assault Gun
Selects Breakthrough Battlegroup
Selects Assault Grenadiers
Selects Breakthrough
Selects Incendiary Bombing Run
Grenadier Squad
Nebelwerfer 42 Rocket Launcher Team
StuG III G Assault Gun
Incendiary Bombing Run
Grenadier Squad
Grenadier Squad
Selects 2.5-tonne Cargo Truck
Selects Blitzkrieg
Zizo33
KHALIFA-MHR
彡★🔻SALADIN🔻★彡
MEZO
wila
MG22
深入骨髓的恨意
Pavel714
0
0
Comments
sign in to comment!
No comments posted yet!